 Dungeon Crawl Stone Soup version 0.31.0-11-ge490571c62 (webtiles) character file.

Game seed: 12791742725584051410

109 stipulation the Grave Robber (level 4, -3/21 HPs)
             Began as a Vine Stalker Necromancer on Jan 28, 2024.
             Killed from afar by Sigmund (9 damage)
             ... with a puff of flame
             ... on level 2 of the Dungeon.
             The game lasted 00:01:35 (1912 turns).

stipulation the Grave Robber (VSNe)                 Turns: 1912, Time: 00:01:36

Health: -3/21      AC:  2    Str: 11    XL:     4   Next: 90%
Magic:  0/10       EV: 12    Int: 17    God:
Gold:   8          SH:  0    Dex: 14    Spells: 9/10 levels left

rFire   . . .        (no weapon)
rCold   . . .        (no shield)
rNeg    . . .        a - +0 robe
rPois   .            (no helmet)
rElec   .            (no cloak)
rCorr   .            (no gloves)
SInv    .            (no boots)
Will    .....        (no amulet)
Stlth   ++           (no ring)
HPRegen 1.03/turn    (no ring)
MPRegen 0.12/turn

%: guardian spirit
@: no status effects
A: fangs 2, regeneration 1, magic shield, antimagic bite, no potion heal 2
a: no special abilities


You were on level 2 of the Dungeon.
You visited 1 branch of the dungeon, and saw 2 of its levels.

You collected 8 gold pieces.

Inventory:

Armour
 a - a +0 robe (worn)
Jewellery
 h - a ring of poison resistance
Scrolls
 c - a scroll of enchant armour {unknown}
 e - a scroll of blinking {unknown}
 f - a scroll of noise {unknown}
 i - 2 scrolls of teleportation {unknown}
 j - a scroll of summoning {unknown}
Potions
 b - a potion of magic
 d - a potion of haste {unknown}
 g - a potion of lignification {unknown}
 k - a potion of heal wounds {unknown}
 l - a potion of enlightenment {unknown}


   Skills:
 - Level 1.5 Dodging
 - Level 2.4 Stealth
 + Level 3.8 Spellcasting
 + Level 5.1 Necromancy


You had 9 spell levels left.
You knew the following spells:

 Your Spells              Type           Power      Damage    Failure   Level
a - Necrotise             Necr           80%        1d8       1%          1

Your spell library contained the following spells:

 Spells                   Type           Power      Damage    Failure   Level
 Fugue of the Fallen      Necr           20%        N/A       6%          3
 Vampiric Draining        Necr           20%        2d7       6%          3
 Shock                    Conj/Air       12%        1d3       16%         1
 Animate Dead             Necr           20%        N/A       19%         4
 Ensorcelled Hibernation  Hex/Ice        6%         N/A       24%         2
 Swiftness                Air            3%         N/A       43%         3
 Curse of Agony           Necr           20%        N/A       47%         5
 Anguish                  Hex/Necr       6%         N/A       50%         4
 Airstrike                Air            1%         2d(1-17)  85%         4


Dungeon Overview and Level Annotations

Branches:
Dungeon (2/15)

Altars:

Annotations:
D:2 Sigmund


Innate Abilities, Weirdness & Mutations

You have extremely sharp teeth.
Your natural rate of healing is unusually fast.
When hurt, damage is shared between your health and your magic reserves.
Your bite disrupts and absorbs the magic of your enemies.
Potions cannot restore your health.


Message History

You're too confused to move!
Sigmund hits you from afar with a +0 scythe!
You are too injured to fight recklessly!
You're too confused to cast spells.
Sorry, you're not good enough to have a special ability.
Unknown command.
Sigmund gestures at you while chanting. You resist with some effort.
You're too confused to move!
Sigmund gestures at you while chanting. You resist with some effort.
You feel less confused.
Casting: Necrotise (safe; 1% risk of failure)
Confirm with . or Enter, or press ? or * to list all spells.
Aiming: Necrotise (safe; 1% risk of failure)
Press: ? - help, Shift-Dir - straight line, f - Sigmund
Aim: Sigmund, wielding a +0 scythe, wearing a +0 robe and carrying a wand of flame (chance to affect: 84%) Sigmund writhes in agony.
Casting: Necrotise (safe; 1% risk of failure)
Confirm with . or Enter, or press ? or * to list all spells.
Aiming: Necrotise (safe; 1% risk of failure)
Press: ? - help, Shift-Dir - straight line, f/p - Sigmund
Aim: Sigmund, wielding a +0 scythe, wearing a +0 robe and carrying a wand of flame (lightly wounded, chance to affect: 84%) Sigmund barely resists.
Sigmund zaps a wand.
The puff of flame hits you!
Casting: Necrotise (safe; 1% risk of failure)
Confirm with . or Enter, or press ? or * to list all spells.
Aiming: Necrotise (safe; 1% risk of failure)
Press: ? - help, Shift-Dir - straight line, f/p - Sigmund
Aim: Sigmund, wielding a +0 scythe, wearing a +0 robe and carrying a wand of flame (lightly wounded, chance to affect: 84%) Sigmund writhes in agony.
Sigmund barely misses you. Sigmund hits you with a +0 scythe!
* * * LOW HITPOINT WARNING * * *
You hit Sigmund. Your bite misses Sigmund.
Sigmund is moderately wounded.
You hit Sigmund. You punch Sigmund, but do no damage.
Sigmund is moderately wounded.
Sigmund points at you and mumbles some strange words.
The puff of flame hits you!
You die...
Sigmund begins carving another notch in his scythe.

#..# ........ #..#
........ #..#
.....).. #..###
........ #....+ ..
........
#######...##...
#.#####.
##.......>...... .
....#.
........@.......
##...
##......@#######
#.... ##!......#
#.... .........##
#.... #######...#
#.... #.
#####...## #....
#( #........#
#....
#.#######........#
#....
#................#
#....
#...PPPP.........#
#....


You could see Sigmund.

Vanquished Creatures
  Terence (D:2)
  4 gnolls
  2 ball pythons (D:1)
  6 bats
  4 endoplasms
  5 goblins
  6 hobgoblins
  3 quokkas
  2 frilled lizards (D:1)
  6 kobolds
  3 rats (D:1)
42 creatures vanquished.

Vanquished Creatures (collateral kills)
  A hobgoblin (D:2)
1 creature vanquished.

Grand Total: 43 creatures vanquished

Notes
Turn   | Place    | Note
-------+----------+-------------------------------------------
     0 | D:1      | stipulation the Vine Stalker Necromancer began the quest
                  | for the Orb.
     0 | D:1      | Reached XP level 1. HP: 9/9 MP: 4/4
    17 | D:1      | Found a faded altar of an unknown god.
   181 | D:1      | Reached XP level 2. HP: 13/13 MP: 3/6
   758 | D:1      | Reached XP level 3. HP: 16/16 MP: 3/8
  1528 | D:2      | Noticed Terence
  1538 | D:2      | Killed Terence
  1539 | D:2      | Reached XP level 4. HP: 14/21 MP: 1/10
  1689 | D:2      | Reached skill level 5 in Necromancy
  1896 | D:2      | Noticed Sigmund
  1912 | D:2      | Killed from afar by Sigmund

Illustrated notes

Levels and vault maps discovered:
D:1:      dpeg_arrival_simpleton_b, layout_loops_corners,
          hellmonk_ecumenical_altar_run_dry
D:2:      layout_basic, nicolae_grassy_gnolls, uniq_terence, uniq_sigmund

Skill      XL: |  1  2  3  4 |
---------------+-------------+-----
Spellcasting   | 3 |  3.8
Necromancy     | 5 |  5.1
Dodging        | |  1.5
Stealth        | |  2.4

Action                     |  1- 3 |  4- 6 || total
---------------------------+-------+-------++-------
  Melee: Unarmed           |     8 |     4 ||    12
         Bite              |     3 |       ||     3
         Punch             |       |     1 ||     1
   Cast: Necrotise         |    60 |    18 ||    78
 Armour: Robe              |    11 |     9 ||    20
  Dodge: Dodged            |     6 |     4 ||    10
